[Event "Late-Titled-Tuesday-Blitz-August-29-2023"]
[Site "Chess.com"]
[Date "2023.08.29"]
[Round "6"]
[White "Nf3c5"]
[Black "GiorgianBarbosa"]
[Result "1-0"]
[WhiteElo "2605"]
[BlackElo "2418"]
[TimeControl "180+1"]
[EndTime "15:06:28 PDT"]
[Termination "Nf3c5 won by resignation"]

1. e4 c5 2. Nf3 g6 3. h4 Bg7 4. h5 Nc6 5. Bc4 e6 6. d3 Nge7 7. h6 Bf6 8. c3 d5 9. Bb3 O-O 10. Qe2 e5 11. Nbd2 Bg4 12. Nf1 c4 13.
Bc2 cxd3 14. Bxd3 d4 15. Bd2 Qb6 16. N1h2 Be6 17. cxd4 Nxd4 18. Nxd4 exd4 19. b3 Nc6 20. Nf3 Bg4 21. Qf1 Rfe8 22. Nh2 Bf5 23. Qe2 Nb4 24.
O-O Nxd3 25. Qxd3 Bxe4 26. Qg3 Be5 27. Bf4 Qc7 28. Bxe5 Qxe5 29. Qh4 Qe7 30. Qg3 Bf5 31. Nf3 d3 32. Rfe1 Qf6 33. Rad1 Rxe1+ 34. Rxe1 Rd8 35.
Rd1 Qd6 36. Qg5 Kf8 37. Qe3 b6 38. Ne5 Re8 39. f4 f6 40. Nc4 Rxe3 41. Nxd6 Ke7 42.
Nxf5+ gxf5 43. Kf2 Re2+ 44. Kf3 Rxa2 45. Rxd3 Ra5 46.
Rc3 Ra3 47. Rc7+ Kd6 48. Rxh7 Rxb3+ 49. Kf2 Rb2+ 50. Kg3 Rb3+ 51. Kh2 Rc3 52. Rxa7 Rc8 53. h7 Rh8 54. Kh3 Kc5 55. Kh4 b5 56. Kh5 b4 57.
Kg6 Kb6 58. Re7 b3 59. Re3 Rb8 60. Rxb3+ Kc7 61. Rxb8 Kd6 62. h8=Q Kd5 63. Qxf6 Ke4 64. Qxf5+ Ke3 65. Qe5+ Kf2 66. f5 1-0

[Event "Late-Titled-Tuesday-Blitz-August-29-2023"]
[Site "Chess.com"]
[Date "2023.08.29"]
[Round "6"]
[White "jcmesafischer"]
[Black "albi1999"]
[Result "1/2-1/2"]
[WhiteElo "2459"]
[BlackElo "2668"]
[TimeControl "180+1"]
[EndTime "15:06:29 PDT"]
[Termination "Game drawn by stalemate"]

1. Nf3 Nf6 2. g3 c5 3. Bg2 Nc6 4. c4 d6 5. O-O g6 6. d4 cxd4 7. Nxd4 Bd7 8. Nc3 Bg7 9. h3 O-O 10. e4 Rc8 11. Nxc6 bxc6 12. Be3 Qa5 13. Qd2 Be6 14. Nd5 Qxd2 15. Nxe7+ Kh8 16. Bxd2 Rc7 17. e5 Rxe7 18. exf6 Bxf6 19. Bxc6 Bxh3 20. Rfe1 Rc7 21. Bd5 Bxb2 22. Rab1 Bd4 23. Bf4 Bc5 24. Rb5 Rfc8 25.
Reb1 Kg7 26. Bd2 Be6 27. Bc3+ Kf8 28. Bxe6 fxe6 29. Re1 Ke7 30. Kg2 Kd7 31. Rh1 Kc6 32. a4 e5 33. f3 Rf7 34. g4 Rcf8 35. Rh3 e4 36. Bb4 exf3+ 37. Kf1 f2 38. Bxc5 dxc5 39. Rb2 Rf4 40. Rxh7 Rxg4 41. Rxf2 Rxf2+ 42. Kxf2 Rxc4 43. Rxa7 Rd4 44. Ra6+ Kd5 45. a5 g5 46. Rg6 g4 47. a6 Ra4 48. a7 Rxa7 49. Rxg4 Re7 50. Rh4 Re4 51. Rxe4 Kxe4 52. Ke2 Kd4 53. Kd2 Kc4 54. Kc2 Kb4 55. Kb2 Kc4 56. Kc2 Kd4 57.
Kd2 c4 58. Kc2 c3 59. Kc1 Kd3 60. Kd1 Kc4 61. Kc2 Kb4 62. Kc1 Kb3 63. Kb1 Kc4 64. Kc2 Kd4 65. Kc1 Kd3 66. Kd1 c2+ 67. Kc1 Kc3 1/2-1/2

[Event "Late-Titled-Tuesday-Blitz-August-29-2023"]
[Site "Chess.com"]
[Date "2023.08.29"]
[Round "6"]
[White "GM_dmitrij"]
[Black "promen1999"]
[Result "1/2-1/2"]
[WhiteElo "3062"]
[BlackElo "2880"]
[TimeControl "180+1"]
[EndTime "15:06:31 PDT"]
[Termination "Game drawn - insufficient material"]

1. e4 c5 2. c3 d5 3. exd5 Qxd5 4. d4 Nf6 5. Nf3 e6 6. Na3 Nc6 7. Nb5 Qd8 8. dxc5 Bxc5 9. Qxd8+ Kxd8 10. b4 Bb6 11. a4 a6 12. Nd6 Ke7 13. Nc4 Bc7 14. b5 Na5 15. Ba3+ Ke8 16. O-O-O Ne4 17. Bd6 Nxd6 18.
Nxd6+ Ke7 19. Nxc8+ Rhxc8 20. Kc2 Bb6 21. Ne5 Rc7 22.
f4 f6 23. Nf3 Nc4 24. Bxc4 Rxc4 25. Rb1 Ba5 26. bxa6 Rxc3+ 27. Kd1 Rd8+ 28. Ke2 bxa6 29. Rb7+ Rd7 30. Rhb1 Bc7 31. g3 Rc4 32. R1b4 Rxb4 33.
Rxb4 Kd6 34. Rc4 Bb6 35. Nd2 Rc7 36. Ne4+ Kd5 37. Rxc7 Bxc7 38. Kd3 Ba5 39. h3 h6 40.
g4 f5 41. Ng3 g6 42. Ne2 fxg4 43. hxg4 h5 44. gxh5 gxh5 45. Ng1 h4 46. Nh3 Be1 47.
Ng5 Bg3 48. Nh3 a5 49. Ke3 Kc4 50. Ke4 Kb4 51. Ke5 Kxa4 52. Kxe6 Bxf4 53. Nxf4 Kb3 54. Kf5 a4 55. Kg4 Kc4 56. Ne2 a3 57. Nc1 Kc3 58. Kxh4 Kb2 59. Nd3+ Kb1 60. Nb4 Kb2 61. Kg3 Kb3 62.
Nd3 Kc3 63. Nc1 Kc2 64. Na2 Kb2 65.
Nb4 a2 66. Nxa2 1/2-1/2

[Event "Late-Titled-Tuesday-Blitz-August-29-2023"]
[Site "Chess.com"]
[Date "2023.08.29"]
[Round "6"]
[White "KejJaj"]
[Black "GMMikhailKazakov"]
[Result "1-0"]
[WhiteElo "2220"]
[BlackElo "2341"]
[TimeControl "180+1"]
[EndTime "15:06:33 PDT"]
[Termination "KejJaj won on time"]

1. d4 Nf6 2. Bf4 e6 3. e3 d5 4. Nf3 Bd6 5. Nbd2 O-O 6. Bg3 c5 7. c3 Nc6 8. Bd3 Qc7 9. dxc5 Bxg3 10. hxg3 g6 11. g4 e5 12. g5 Ne8 13. e4 d4 14.
cxd4 exd4 15. a3 Ng7 16. b4 Ne6 17. Bc4 a5 18. b5 Ne5 19. Bxe6 Bxe6 20. Nxe5 Qxe5 21.
Rc1 Qxg5 22. O-O Rad8 23. Nf3 Qf4 24. Qd3 Qf6 25. Rfd1 Bg4 26. Rd2 Bxf3 27. Qxf3 Qg5 28. Rcd1 Qxc5 29. Qe2 b6 30. a4 Rfe8 31. Qd3 Rd6 32.
f3 Qe5 33. Kf2 Rc8 34. Rc2 Rxc2+ 35. Qxc2 Qg5 36. Qc8+ Kg7 37. Qc1 Qe5 38. Rd3 Qf6 39. Qc7 Qh4+ 40. Kf1 Qd8 41. Qxd8 Rxd8 42. Ke2 Kf6 43.
f4 g5 44. g3 h6 45. Kf3 Kg6 46. g4 Kf6 47. e5+ Ke6 48. fxg5 hxg5 49. Ke4 Rd5 50. Rxd4 Rxe5+ 51. Kf3 Rc5 52. Ke4 Rc3 53. Rd8 Rc4+ 54. Kf3 Rc3+ 55. Ke2 Rc4 56. Rb8 Rxa4 57. Rxb6+ Ke5 58.
Ra6 Rxg4 59. b6 Rb4 60. Rxa5+ 1-0

[Event "Late-Titled-Tuesday-Blitz-August-29-2023"]
[Site "Chess.com"]
[Date "2023.08.29"]
[Round "6"]
[White "Rud_Makarian"]
[Black "Alexander_Moskalenko"]
[Result "1-0"]
[WhiteElo "3010"]
[BlackElo "2828"]
[TimeControl "180+1"]
[EndTime "15:06:41 PDT"]
[Termination "Rud_Makarian won on time"]

1. d4 Nf6 2. c4 g6 3. Nc3 Bg7 4. e4 d6 5. Be2 O-O 6. Be3 c5 7. d5 e6 8. Nf3 exd5 9. cxd5 b5 10. e5 dxe5 11. Bxc5 Re8 12. Bxb5 Nbd7 13. Be3 e4 14. Nd4 Ne5 15. Nc6 Nxc6 16. Bxc6 Ba6 17. Qa4 Bd3 18. O-O-O Rc8 19. Rxd3 exd3 20. Rd1 Nxd5 21. Rxd3 Bxc3 22. bxc3 Qf6 23. Bxe8 Nxc3 24. Qd7 Nxa2+ 25. Kd1 Rb8 26. Bd4 Qf4 27. Qxf7+ Qxf7 28. Bxf7+ Kxf7 29. Ra3 Nb4 30. Rxa7+ Ke6 31. Be3 h5 32. Ke2 Nd5 33.
Bd4 Rb4 34. Ba1 Rb3 35. g3 Nb4 36. Bd4 Nc6 37. Ra6 Kd5 38. Be3 Rb2+ 39. Kf3 Rb3 40. Kg2 Rc3 41. Ra8 Ke6 42. Rg8 Kf7 43.
Rc8 Rc2 44. Rc7+ Ke6 45. h4 Kf6 46. Rb7 Ke6 47. Kf3 Ne5+ 48. Ke4 Ng4 49. Rb6+ Kf7 50. Bd4 Nxf2+ 51. Kf4 Ng4 52. Kg5 Rc4 53. Rb7+ Ke6 54. Bg7 Re4 55. Kxg6 Re3 56. Rb6+ Ke7 57. Kxh5 Rxg3 58.
Rg6 Kf7 59. Bd4 Ne5 60. Rxg3 1-0

[Event "Late-Titled-Tuesday-Blitz-August-29-2023"]
[Site "Chess.com"]
[Date "2023.08.29"]
[Round "6"]
[White "Sacbutt"]
[Black "ToddBryant"]
[Result "1-0"]
[WhiteElo "2239"]
[BlackElo "2345"]
[TimeControl "180+1"]
[EndTime "15:06:44 PDT"]
[Termination "Sacbutt won on time"]

1. d4 Nf6 2. c4 g6 3. Nc3 Bg7 4. Nf3 O-O 5. g3 d6 6. Bg2 c5 7.
d5 e6 8. e4 Re8 9. O-O a6 10.
a4 Nbd7 11. dxe6 Rxe6 12. Ng5 Re8 13. Qxd6 h6 14. Nh3 Ne5 15. Qxd8 Rxd8 16. b3 Rd3 17.
Bb2 Bxh3 18. Bxh3 Nf3+ 19. Kh1 Nd2 20. Rfd1 Ndxe4 21. Nxe4 Nxe4 22. Rxd3 Nxf2+ 23. Kg2 Nxd3 24. Bxg7 Kxg7 25. Rd1 Rd8 26. Kg1 Rd4 27. Rb1 f5 28. Bg2 b6 29. Bd5 Nb4 30. Bb7 Rd2 31. a5 bxa5 32.
Ra1 Kf6 33. Rxa5 Nd3 34. Rxa6+ Ke5 35. Rxg6 Kd4 36. Rxh6 Ne5 37. Rd6+ Ke3 38. Rxd2 Kxd2 39. h4 Kc3 40. h5 Kxb3 41. Bd5 Kc3 42. h6 Kd4 43. h7 Ng6 44. Kf2 Ke5 45. Kf3 Kf6 46. g4 fxg4+ 47. Kxg4 Ne5+ 48. Kf4 Ng6+ 49. Ke4 Kg7 50.
Kf5 Ne7+ 51. Ke6 Ng6 52. Kd6 Nh4 53. Kxc5 Nf5 54. Kb6 Nd4 55. c5 Nf5 56. Bg8 Nd4 57. Kc7 Kh8 58. Kd6 Kg7 59. Ke5 Nc6+ 60. Kd5 Na5 61. Kd6 Kh8 62. Ke7 Kg7 63. Ke8 Nc6 64. Kd7 Na5 65. Kc7 Kh8 66. Kb6 Nc4+ 67. Bxc4 Kg7 68. c6 Kh8 69. c7 Kg7 70. c8=Q Kh6 71.
Qc7 Kg5 72. h8=Q 1-0

[Event "Late-Titled-Tuesday-Blitz-August-29-2023"]
[Site "Chess.com"]
[Date "2023.08.29"]
[Round "6"]
[White "BlackBoarder"]
[Black "stasOR4ik"]
[Result "1-0"]
[WhiteElo "2745"]
[BlackElo "2473"]
[TimeControl "180+1"]
[EndTime "15:06:45 PDT"]
[Termination "BlackBoarder won by resignation"]

1. e4 c6 2. Nf3 d5 3. Nc3 dxe4 4. Nxe4 Nf6 5. Nxf6+ exf6 6. Bc4 Bd6 7. Qe2+ Qe7 8.
Qxe7+ Bxe7 9. O-O Be6 10. Be2 Nd7 11. Nd4 O-O-O 12. Nxe6 fxe6 13. d4 e5 14. Be3 exd4 15.
Bxd4 Bc5 16. Bc3 Ne5 17. g3 Rhe8 18. Kg2 Kc7 19. Rad1 Rxd1 20. Rxd1 Rd8 21. Rxd8 Kxd8 22. f4 Nd7 23. Bd3 h6 24. Kf3 Ke7 25. Ke4 Bg1 26.
h3 Nc5+ 27. Kf5 Nxd3 28. cxd3 Kf7 29. g4 Bc5 30. Ke4 Ke6 31. h4 Bf2 32. h5 Bh4 33. Bb4 Kf7 34. Bc5 a6 35. Be3 Be1 36. Kf5 Bb4 37.
a3 Be7 38. Bd2 Bd6 39. Bb4 Bc7 40. Bc5 Ba5 41. b4 Bc7 42. a4 a5 43. bxa5 Bxa5 44. Bd6 b5 45. axb5 cxb5 46. Ke4 b4 47. Kd4 b3 48. Ba3 Bd2 49. f5 Bb4 50. Bb2 Bd6 51. Kc4 Ke7 52. Kxb3 Kd7 53. Kc4 Kc6 54. d4 Kd7 55. Kd5 Bb4 56. Bc1 Bd6 57. Bd2 Be7 58. Bc3 Bf8 59. Kc4 Be7 60. Bb4 Bd6 61. Bxd6 Kxd6 62.
d5 Ke5 63. Kc5 Kf4 64. d6 Kxg4 65. d7 Kxf5 66. d8=Q Kg5 67. Qe7 g6 68. hxg6 Kxg6 69. Kd4 1-0

[Event "Late-Titled-Tuesday-Blitz-August-29-2023"]
[Site "Chess.com"]
[Date "2023.08.29"]
[Round "6"]
[White "SaqoChess_Twitch"]
[Black "scandalgod"]
[Result "0-1"]
[WhiteElo "2617"]
[BlackElo "2492"]
[TimeControl "180+1"]
[EndTime "15:06:45 PDT"]
[Termination "scandalgod won by checkmate"]

1. d4 d5 2. c4 c6 3. Nc3 Nf6 4. e3 a6 5. Nf3 Bf5 6. Bd3 Bxd3 7.
Qxd3 e6 8. O-O Nbd7 9. e4 dxe4 10. Nxe4 Nxe4 11. Qxe4 Nf6 12. Qe2 Be7 13. Bg5 O-O 14. Bxf6 Bxf6 15. Rad1 Qa5 16. b3 Rad8 17. Rd2 Rd7 18. Rfd1 Rfd8 19. g3 h6 20. Kg2 b5 21.
h4 Qb4 22. cxb5 cxb5 23. Rd3 Rd5 24. Qe3 a5 25. g4 Qe7 26. h5 Bg5 27. Nxg5 Rxg5 28.
f3 Rgd5 29. Rc1 Qd7 30. Rcd1 e5 31.
Qd2 exd4 32. Qxa5 Re8 33. Qd2 Qa7 34. Kg3 Qb8+ 35. Qf4 Qa7 36. R1d2 Red8 37. Re2 Qd7 38. a3 Qa7 39. b4 Qd7 40. Re5 Rd6 41. Rf5 Re8 42. Re5 Rxe5 43. Qxe5 Rd5 44. Qb8+ Kh7 45. Qf4 Kg8 46. Qe4 Rd6 47. f4 Rd5 48. Kf3 Rd6 49.
Qf5 Qc6+ 50. Qe4 Qc1 51. Rxd4 Qf1+ 52. Kg3 Qg1+ 53. Kh3 Qxd4 54. Qe8+ Kh7 55. Qxf7 Qd3+ 56. Kh4 Rf6 57. Qc7 Qe4 58. f5 Qh1+ 59. Kg3 Qg1+ 60.
Kh3 Qf1+ 61. Kg3 Qe1+ 62. Kh3 Qd1 63. Qc8 Rd6 64. f6 Rd3+ 65. Kg2 Qe2+ 66. Kg1 Rd1# 0-1

[Event "Late-Titled-Tuesday-Blitz-August-29-2023"]
[Site "Chess.com"]
[Date "2023.08.29"]
[Round "6"]
[White "KrokerGuy"]
[Black "zsoltkorpics"]
[Result "1-0"]
[WhiteElo "2500"]
[BlackElo "2376"]
[TimeControl "180+1"]
[EndTime "15:06:47 PDT"]
[Termination "KrokerGuy won by checkmate"]

1. e4 c5 2. Nf3 e6 3. d4 cxd4 4. Nxd4 Nc6 5. Nc3 Qc7 6. Be3 a6 7. Qd2 Nf6 8. O-O-O Be7 9. f3 b5 10. g4 Bb7 11. g5 Nh5 12. Nce2 Ne5 13. Ng3 Nxg3 14.
hxg3 Rc8 15. Kb1 Nxf3 16. Nxf3 Bxe4 17. Be2 Bb4 18. Qxb4 Qxc2+ 19. Ka1 Bc6 20. Rd2 Qf5 21.
Qf4 Qg6 22. Rhd1 Bxf3 23. Bxf3 d5 24. Bxd5 exd5 25. Qe5+ Qe6 26. Qxg7 Rf8 27. Qd4 Ke7 28. Bf4 Rfd8 29. Qf6+ Qxf6 30. gxf6+ Kxf6 31. Rxd5 Re8 32.
Rd6+ Kf5 33. Rxa6 Red8 34. Rxd8 Rxd8 35. a3 Rd1+ 36. Ka2 h5 37. Rh6 Kg4 38. Kb3 f5 39. Kb4 Rb1 40. b3 Kf3 41. Rxh5 Ke4 42. Rh8 Kd3 43.
Rd8+ Kc2 44. Rc8+ Kd3 45. Rc1 Rb2 46. Rc5 Ke4 47. Rxb5 Ra2 48. Re5+ Kf3 49. Rxf5 Kg4 50. Rg5+ Kf3 51. a4 Rc2 52. a5 Rc8 53. a6 Rf8 54. a7 Ra8 55. Rg7 Ke4 56. Kb5 Kd5 57.
Kb6 Re8 58. Kb7 Re7+ 59. Rxe7 Kd4 60. a8=Q Kc3 61. Qa5+ Kb2 62. Re2+ Kb1 63. Qe1# 1-0

[Event "Late-Titled-Tuesday-Blitz-August-29-2023"]
[Site "Chess.com"]
[Date "2023.08.29"]
[Round "6"]
[White "ChEsper99"]
[Black "RCone"]
[Result "0-1"]
[WhiteElo "2164"]
[BlackElo "2446"]
[TimeControl "180+1"]
[EndTime "15:06:50 PDT"]
[Termination "RCone won by resignation"]

1. e4 d6 2. d4 Nf6 3. Nc3 g6 4. g3 Bg7 5. Bg2 O-O 6. Nge2 Nc6 7. d5 Ne5 8. O-O c6 9. Bf4 Nh5 10. Be3 cxd5 11. exd5 Nc4 12. Bc1 f5 13. b3 Ne5 14.
Be3 Bd7 15. Qd2 a6 16. a4 Rc8 17. Bd4 f4 18. Nxf4 Nxf4 19. gxf4 Ng4 20. Bxg7 Kxg7 21.
Qd4+ Kg8 22. h3 Nh6 23. Rac1 Qc7 24. Ne2 Nf5 25. Qd2 b5 26. axb5 axb5 27. c4 Qb6 28. Rfd1 Nh4 29. Qd4 Qxd4 30. Nxd4 bxc4 31. Rxc4 Rxf4 32.
Rxc8+ Bxc8 33. b4 Nf5 34. Nc6 Rc4 35. b5 Bd7 36. Rb1 e6 37. dxe6 Bxe6 38. Nd8 Bd7 39. b6 Rc8 40. b7 Rxd8 41. b8=Q Rxb8 42. Rxb8+ Kf7 43. Rb7 Ke6 44. Bf3 h5 45. Be4 Ba4 46.
Bxf5+ Kxf5 47. Rb4 Bd7 48. Kg2 d5 49. Kg3 Be6 50. h4 Ke5 51. Rf4 Bf5 52. Rf3 d4 53. Ra3 Ke4 54. Kg2 d3 55. Kf1 Kf3 56. Rc3 Kg4 57. Rc4+ Kf3 58. Rc3 Ke4 59. Rc4+ Kd5 60. Rc3 Kd4 61. Rc8 Bg4 62. Rc7 d2 63. Rd7+ Kc3 64. Rc7+ Kb2 65. Rb7+ Ka3 66. Ra7+ Kb4 67. Ra1 d1=Q+ 68. Rxd1 Bxd1 69. Kg2 Bg4 70. Kg3 Bf5 0-1

[Event "Late-Titled-Tuesday-Blitz-August-29-2023"]
[Site "Chess.com"]
[Date "2023.08.29"]
[Round "6"]
[White "ShrookWafa"]
[Black "Semetey"]
[Result "0-1"]
[WhiteElo "2418"]
[BlackElo "2591"]
[TimeControl "180+1"]
[EndTime "15:06:52 PDT"]
[Termination "Semetey won by resignation"]

1. e4 e5 2. Nf3 Nc6 3. Bb5 a6 4.
Ba4 Nf6 5. d4 exd4 6. O-O Be7 7.
Re1 O-O 8. e5 Nd5 9. Bb3 Nb6 10.
Nxd4 Na5 11. Nf5 Nxb3 12. axb3 d5 13. exd6 Bxd6 14. Nxd6 cxd6 15. Bf4 d5 16. Nc3 Be6 17. Qd4 Nc8 18. Rad1 Ne7 19. Bg5 Nc6 20. Bxd8 Nxd4 21. Rxd4 Rfxd8 22. Red1 Rac8 23. h3 Kf8 24. R1d2 b5 25.
b4 Rc4 26. Ne2 Rxd4 27. Rxd4 Rc8 28. c3 Ke7 29. Nf4 Kd6 30. Kf1 Rc4 31. Ne2 Bf5 32.
Ke1 Rxd4 33. Nxd4 Be4 34. g3 g5 35. Nb3 Kc6 36. Nc5 a5 37. Nxe4 dxe4 38. bxa5 f5 39.
Ke2 f4 40. h4 h6 41. hxg5 hxg5 42. gxf4 gxf4 43. b4 Kd5 44. Kd2 Kc6 45. Ke1 Kd5 46.
Kf1 Kc6 47. Kg2 Kd5 48. Kh3 Kc4 49. a6 e3 50. fxe3 fxe3 51. Kg2 Kxc3 52. a7 e2 53. a8=Q e1=Q 54. Qf3+ Kxb4 55. Qf8+ Ka4 56. Qa8+ Kb3 57. Qf3+ Qc3 58. Qd5+ Qc4 59. Qf3+ Ka4 60. Qa8+ Kb4 61. Qf8+ Qc5 62. Qf4+ Qc4 63. Qd6+ Kb3 64. Qg3+ Kb2 65. Qe5+ Ka2 66. Kf2 b4 67. Ke1 Qc3+ 68. Qxc3 bxc3 69. Kd1 Kb1 70. Ke2 c2 71. Ke3 c1=Q+ 0-1

[Event "Late-Titled-Tuesday-Blitz-August-29-2023"]
[Site "Chess.com"]
[Date "2023.08.29"]
[Round "6"]
[White "MBA_CHESS_2021"]
[Black "Haykoooo0o"]
[Result "0-1"]
[WhiteElo "2288"]
[BlackElo "2468"]
[TimeControl "180+1"]
[EndTime "15:06:54 PDT"]
[Termination "Haykoooo0o won on time"]

1. e4 c6 2. d4 d5 3. e5 c5 4. dxc5 e6 5. Be3 Nd7 6. Nf3 Bxc5 7. Bxc5 Nxc5 8. Be2 Ne7 9. O-O O-O 10. c3 Qb6 11. Qc2 Bd7 12. Nbd2 Bb5 13. b4 Nd7 14.
Bxb5 Qxb5 15. Nd4 Qb6 16. f4 Nf5 17. Nb3 Ne3 18. Qd3 Nxf1 19. Rxf1 Rac8 20. Rf3 Qa6 21.
Qxa6 bxa6 22. Kf2 Rc7 23. Ke2 Rfc8 24. Kd2 Nb6 25. Nc5 a5 26. Nb5 axb4 27. cxb4 Rxc5 28. bxc5 Rxc5 29. Nxa7 Ra5 30. Rb3 Rxa7 31. Rxb6 Rxa2+ 32. Ke3 g5 33. Kf3 gxf4 34. Rb4 Kg7 35. Rxf4 Ra3+ 36. Kf2 Rc3 37. Rg4+ Kf8 38. Rh4 Rc2+ 39. Kf3 Rc3+ 40.
Kf2 Kg8 41. Rg4+ Kh8 42. Rf4 Rc7 43. h4 Kg7 44. Rg4+ Kf8 45. Rf4 Rc3 46. Rf6 Kg7 47. Rf4 Rc2+ 48. Kf3 Rc1 49. Rg4+ Kf8 50. Ra4 Re1 51. Kf4 Kg7 52. g4 h6 53. Rb4 Kg6 54. h5+ Kg7 55. Ra4 Rf1+ 56. Kg3 Re1 57. Kf4 Rc1 58.
Rb4 Rc7 59. Ke3 f6 60. Rb6 Re7 61. Kd4 fxe5+ 62. Kxe5 Kf7 63. Rd6 Kf8 64. Rd8+ Kf7 65. Rh8 Kg7 66. Rd8 Kf7 67. Rd6 Re8 0-1

[Event "Late-Titled-Tuesday-Blitz-August-29-2023"]
[Site "Chess.com"]
[Date "2023.08.29"]
[Round "6"]
[White "Valeron87"]
[Black "Grebeniuk-S"]
[Result "1-0"]
[WhiteElo "2474"]
[BlackElo "2608"]
[TimeControl "180+1"]
[EndTime "15:06:57 PDT"]
[Termination "Valeron87 won by resignation"]

1. e4 c5 2. Nf3 Nc6 3. d4 cxd4 4.
Nxd4 g6 5. c4 Bg7 6. Be3 Nf6 7.
Nc3 Qa5 8. Nb3 Qc7 9. Be2 O-O 10.
O-O d6 11. h3 a5 12. Nb5 Qb8 13. Qd3 Be6 14. Rac1 Ne5 15. Qb1 Rc8 16. Nd2 a4 17.
f4 Nc6 18. f5 Bd7 19. a3 Ne5 20. Kh1 Bxb5 21. cxb5 Nfd7 22. Rxc8+ Qxc8 23. Rc1 Qd8 24. Qa2 Rc8 25. Rxc8 Qxc8 26. Qd5 Nf6 27. Qd4 gxf5 28. exf5 Qxf5 29. Qa7 Qc8 30. Qxa4 Nd5 31. Bg1 Bh6 32. Nf3 Ng6 33. Qd1 Ndf4 34. Bf1 Qf5 35. a4 Nh5 36. Bf2 Bf4 37. a5 Bg3 38. Qe1 Bxf2 39. Qxf2 Qb1 40. a6 bxa6 41. bxa6 Qa1 42. a7 Nhf4 43. Kh2 h5 44.
Qd2 Ne6 45. Qf2 Ngf4 46. Bc4 Kg7 47. Bxe6 Nxe6 48. Nh4 Nc5 49. Nf5+ Kf8 50. b4 Ne4 51. Qe3 Qe5+ 52. Ng3 Qa1 53. Qxe4 Qxa7 54. Qh7 Ke8 55. Qh8+ Kd7 56. Qxh5 f6 57. Qf5+ Kc7 58. Ne4 Qd4 59.
Ng3 Qxb4 60. Qh7 d5 61. Qf7 Qd6 62. h4 d4 63. Qc4+ Kd8 64. Qd3 e5 65. h5 Qf8 66.
Nf5 Qh8 67. h6 Kd7 68. Qb5+ Ke6 69. Qd3 Qg8 70. Qh3 Kd5 71. h7 Qh8 72. Ne7+ Kc4 73. Ng6 Qb8 74. h8=Q 1-0

[Event "Late-Titled-Tuesday-Blitz-August-29-2023"]
[Site "Chess.com"]
[Date "2023.08.29"]
[Round "6"]
[White "tptagain"]
[Black "GoltsevDmitry2000"]
[Result "1-0"]
[WhiteElo "2894"]
[BlackElo "2636"]
[TimeControl "180+1"]
[EndTime "15:07:06 PDT"]
[Termination "tptagain won by resignation"]

1. Nf3 d5 2. e3 c6 3. c4 Nf6 4.
Nc3 g6 5. d4 Bg7 6. Be2 O-O 7. O-O Nbd7 8. h3 a6 9. a4 Ne4 10. cxd5 Nxc3 11. bxc3 cxd5 12. Qb3 e6 13. c4 dxc4 14. Bxc4 Nb6 15. Be2 Nd5 16. Ba3 Re8 17.
Ne5 f6 18. Nc4 Bf8 19. Bxf8 Rxf8 20. a5 Bd7 21. Nd2 Bc6 22. Rfc1 Rc8 23. Ne4 Qe7 24.
Nc5 Rf7 25. Bg4 f5 26. Bf3 Kg7 27. Nd3 Rff8 28. Ne5 f4 29. e4 Nf6 30. Nxc6 bxc6 31. Rc5 Nd7 32. Rc2 c5 33. Rac1 Rb8 34. Qa3 Rbe8 35. dxc5 Ne5 36. Qc3 Qf6 37. c6 Rc8 38. c7 Rf7 39. Qb3 h5 40. Rc5 Nxf3+ 41. gxf3 Rff8 42.
Qc3 Qxc3 43. R1xc3 Rf7 44. Rc6 Kf6 45. R3c5 Rd7 46.
h4 Ke7 47. Kf1 Rd6 48. Ke2 Kd7 49. Rxd6+ Kxd6 50. Rg5 Rxc7 51. Rxg6 Rc2+ 52. Kf1 Ra2 53. Rg5 e5 54. Rxh5 Rxa5 55. Rh8 Ke6 56. h5 Kf6 57. Rg8 Rb5 58. Rg6+ Kf7 59. Rxa6 Kg7 60. Re6 Kf7 61. Rg6 Rb8 62. Rg5 Kf6 63. Rg6+ Kf7 64. Ra6 Rh8 65.
h6 Rg8 66. Ke2 Rg6 67. h7 Rxa6 68. h8=Q Re6 69. Qh7+ Kf6 70. Kf1 Rd6 71. Qf5+ 1-0

[Event "Late-Titled-Tuesday-Blitz-August-29-2023"]
[Site "Chess.com"]
[Date "2023.08.29"]
[Round "6"]
[White "Ncatt"]
[Black "ameetghasi100"]
[Result "1-0"]
[WhiteElo "2440"]
[BlackElo "2638"]
[TimeControl "180+1"]
[EndTime "15:07:10 PDT"]
[Termination "Ncatt won by resignation"]

1. e4 g6 2. d4 Bg7 3. Nc3 d6 4. Nf3 Nf6 5. Be3 O-O 6. h3 Nc6 7. Bd3 e5 8. O-O Nd7 9. Ne2 Nb4 10. Bc4 Qe7 11. c3 Nc6 12. Ng3 a5 13. Re1 a4 14.
a3 Na5 15. Ba2 b5 16. dxe5 dxe5 17. Qe2 Ba6 18. Rad1 Nb6 19. Bxb6 cxb6 20. Qe3 Qc7 21. Rd5 Nb7 22. Red1 Nc5 23. Qg5 Rae8 24. h4 Kh8 25. h5 h6 26. Qe3 Bc8 27. Rd6 Be6 28. Bxe6 Rxe6 29. Qd2 Rfe8 30. Nh4 Kh7 31. Qd5 R8e7 32. Rd8 Re8 33. Rd6 Bf6 34. hxg6+ fxg6 35. Nf3 R8e7 36. Rd8 Re8 37. Rd6 Kg7 38. Rxe6 Rxe6 39. Qa8 Re7 40. Qd5 Rd7 41. Qxd7+ Nxd7 42. Rd5 Nc5 43. Ne2 Qe7 44. Ng3 h5 45. Nd2 h4 46. Ne2 g5 47.
f3 Kg6 48. Nf1 Kg7 49. Ne3 Qc7 50. Nf5+ Kf7 51. g3 Ne6 52. Kg2 Qc4 53. Nd6+ Kg6 54.
Nxc4 bxc4 55. Rd6 Kf7 56. Rxb6 Nc5 57. Rb5 Nd3 58. Rb4 h3+ 59. Kxh3 Nxb4 60. axb4 Kg6 61.
Kg4 Be7 62. f4 Bd6 63. f5+ Kf6 64. Kf3 Be7 65. g4 Bd6 66. Ke3 Ke7 67. Kd2 Kd7 68.
Kc2 Kc6 69. Ng1 Kb5 70. Nf3 Be7 71. Nxe5 Bd6 72. Nf7 Bf4 73. e5 a3 74. bxa3 Be3 75.
e6 Bf4 76. e7 Bd6 77. e8=Q+ Kb6 78. Nxd6 Kc7 79. Nxc4 1-0

[Event "Late-Titled-Tuesday-Blitz-August-29-2023"]
[Site "Chess.com"]
[Date "2023.08.29"]
[Round "6"]
[White "nihalsarin"]
[Black "GGuseinov"]
[Result "1/2-1/2"]
[WhiteElo "3109"]
[BlackElo "2874"]
[TimeControl "180+1"]
[EndTime "15:07:20 PDT"]
[Termination "Game drawn by repetition"]

1. Nf3 g6 2. d4 Bg7 3. e4 d6 4.
Bc4 Nf6 5. Qe2 c6 6. e5 dxe5 7.
dxe5 Nd5 8. h3 O-O 9. O-O b5 10. Bd3 Na6 11. Rd1 Nc5 12. Bg5 Nxd3 13. Rxd3 f6 14.
exf6 exf6 15. Bc1 Re8 16. Qd1 Bf5 17. Rd2 Qe7 18. Nc3 Nxc3 19. bxc3 Be4 20. a4 f5 21. Ba3 Bxf3 22. Qxf3 Qe4 23. Rd3 Qxf3 24. gxf3 Re2 25.
Ra2 bxa4 26. Kf1 Rae8 27. Bc5 Re1+ 28. Kg2 R1e5 29. Bb4 a5 30. Bd6 Rd5 31. c4 Rxd3 32. cxd3 Rd8 33. Bc7 Rxd3 34. Rxa4 Rd2 35. Bxa5 Rc2 36.
Bb6 Bf8 37. Be3 c5 38. f4 h6 39. Kf1 Kf7 40. Ke1 Be7 41. Kd1 Rb2 42. Ra7 Ke6 43. Ra6+ Kf7 44. Ra7 Ke6 45. Kc1 Rb8 46. Kc2 Rc8 47.
Ra6+ Kf7 48. Kd3 Rc7 49. Ke2 Rc8 50. Ra7 Ke6 51. Ra6+ Kf7 52. Bd2 Rc7 53. Bc3 Rc8 54.
Be5 h5 55. Kf3 Rd8 56. Rc6 Rd3+ 57. Kg2 Rd2 58. Rc7 Ke6 59. Rc6+ Kf7 60. Rc7 Ke6 61. Ra7 Rc2 62. Ra6+ Kf7 63. Ra4 h4 64. Kf1 Ke6 65. Ke1 g5 66. Ra6+ Kf7 67. Ra7 Ke6 68. Ra6+ Kf7 69.
fxg5 Bxg5 70. Ra4 Be7 71. Kf1 Rc1+ 72. Kg2 Ke6 73. Bf4 Rc3 74. Ra6+ Kf7 75. Ra7 Ke6 76.
Ra6+ Kf7 77. Ra4 Rd3 78. Be5 Ke6 79. Bh8 Rd2 80. Ra6+ Kf7 81. Ra7 Ke6 82. Ra6+ Kf7 83. Kf3 Rd3+ 84. Kg2 Rd2 1/2-1/2

[Event "Late-Titled-Tuesday-Blitz-August-29-2023"]
[Site "Chess.com"]
[Date "2023.08.29"]
[Round "6"]
[White "BillieKimbah"]
[Black "artin10862"]
[Result "0-1"]
[WhiteElo "3040"]
[BlackElo "2868"]
[TimeControl "180+1"]
[EndTime "15:07:25 PDT"]
[Termination "artin10862 won by checkmate"]

1. d4 Nf6 2. Nf3 e6 3. Bg5 d5 4. e3 c5 5. Nbd2 b6 6. c3 Bd6 7. Bb5+ Bd7 8. Bd3 Nc6 9. Qe2 Be7 10. Ne5 Nxe5 11. dxe5 Ng8 12. Bf4 Bc6 13. O-O-O Qc7 14. Kb1 O-O-O 15. e4 Bf8 16. exd5 Bxd5 17. Ne4 Kb8 18.
Nd6 Bxg2 19. Be4 Bxe4+ 20. Qxe4 Bxd6 21. exd6 Qd7 22. Rhg1 f6 23. h4 e5 24. Be3 g6 25. f4 f5 26. Qxe5 Nh6 27. Qd5 Rhe8 28. Qf3 Ng4 29. Rge1 Qb7 30. Qxb7+ Kxb7 31. Bc1 Rxe1 32.
Rxe1 Rd7 33. b4 Kc6 34. bxc5 bxc5 35. Re8 Nf6 36. Ra8 Ne4 37. Kc2 Kxd6 38. Be3 Kc6 39. c4 Kb7 40. Rh8 Kc6 41. Rc8+ Rc7 42. Re8 Nf6 43. Rf8 Ng4 44. Bg1 Kb6 45. Kc3 Kc6 46. Re8 Rd7 47. Rc8+ Rc7 48. Rxc7+ Kxc7 49. Bxc5 a6 50. Bg1 Kd6 51. Kd4 Nf6 52. Bf2 Ne4 53. Be1 Kc6 54. Bb4 Ng3 55. Ke5 Ne2 56. a3 Ng1 57.
Be7 Nf3+ 58. Ke6 Nd2 59. Kf7 Nxc4 60. Kg7 Kd7 61. Bf8 Ke6 62. Kxh7 Kf7 63. Bc5 Nd2 64. Kh6 Ne4 65. Bb4 Nf2 66. Kg5 Nh3+ 67. Kh6 Nxf4 68. Kg5 Ne6+ 69. Kh6 Nf4 70. Bd6 Nh3 71. Bh2 f4 72. h5 g5 73. Kh7 g4 74. h6 g3 75.
Bxg3 fxg3 76. Kh8 g2 77. h7 g1=Q 78. a4 Qd4# 0-1